 Dungeon Crawl Stone Soup version 0.27.1 (webtiles) character file.

Game seed: 7092488320763750676

661 GameOver the Conjurer (level 7, -10/55 HPs)
             Began as a Naga Hedge Wizard on Sept 3, 2021.
             Was an Initiate of Kikubaaqudgha.
             Mangled by a two-headed ogre (25 damage)
             ... on level 5 of the Dungeon.
             The game lasted 00:23:52 (4094 turns).

GameOver the Conjurer (Naga Hedge Wizard)           Turns: 4094, Time: 00:23:52

Health: -10/55     AC:  4    Str: 12    XL:     7   Next: 56%
Magic:  0/11       EV:  9    Int: 16    God:    Kikubaaqudgha [......]
Gold:   120        SH:  0    Dex: 11    Spells: 3/12 levels left

rFire    . . .     SeeInvis +   W - +2 dagger (elec)
rCold    . . .     Faith    .   (no shield)
rNeg     . . .     Spirit   .   b - +0 robe
rPois    +         Reflect  .   c - +0 helmet
rElec    .         Harm     .   (no cloak)
rCorr    .         Rampage  .   (no gloves)
Will     .....                  (no barding)
Stlth    +++.......             a - amulet of regeneration
HPRegen  1.18/turn              (no ring)
MPRegen  0.12/turn              (no ring)

@: short of breath, hasted, quick
A: AC +2, large, see invisible, deformed body, poison resistance, slowness 2,
spit poison 1, naga tail 1
a: Spit Poison, Renounce Religion


You were on level 5 of the Dungeon.
You worshipped Kikubaaqudgha.
Kikubaaqudgha was noncommittal.
You visited 2 branches of the dungeon, and saw 6 of its levels.

You collected 140 gold pieces.
You spent 20 gold pieces at shops.

Inventory:

Hand Weapons
 m - a +0 morningstar
 p - a +0 whip of pain
 s - a +0 spear
 w - a +0 rapier of electrocution
 W - a +2 dagger of electrocution (weapon)
Missiles
 d - 2 throwing nets
Armour
 b - a +0 robe (worn)
 c - a +0 helmet (worn)
 f - a scarf of shadows
Magical Staves
 e - a staff of conjuration
 g - a staff of death
Jewellery
 a - an amulet of regeneration (around neck)
Scrolls
 i - a scroll of teleportation
 k - a scroll of identify
 l - 2 scrolls of enchant armour {unknown}
 n - a scroll of blinking {unknown}
 o - a scroll of amnesia {unknown}
 t - a scroll of fog {unknown}
Potions
 h - a potion of attraction {unknown}
 j - a potion of brilliance {unknown}
 q - 2 potions of curing
 r - a potion of haste


   Skills:
 + Level 2.3 Short Blades
 - Level 1.5 Dodging
 + Level 5.0 Stealth
 - Level 3.0 Spellcasting
 - Level 6.0 Conjurations
 - Level 1.0 Summonings
 - Level 1.0 Translocations
 * Level 4.5 Poison Magic


You had 3 spell levels left.
You knew the following spells:

 Your Spells              Type           Power      Damage    Failure   Level
a - Magic Dart            Conj           84%        1d7       1%          1
b - Blink                 Tloc           N/A        N/A       19%         2
d - Mephitic Cloud        Conj/Pois/Air  13%        N/A       13%         3
f - Conjure Flame         Conj/Fire      12%        6-21      16%         3

Your spell library contained the following spells:

 Spells                   Type           Power      Damage    Failure   Level
 Call Imp                 Summ           5%         N/A       19%         2
 Slow                     Hex            2%         N/A       28%         2


Dungeon Overview and Level Annotations

Branches:
Dungeon (5/15)             Temple (1/1) D:5

Altars:
Ashenzari
Dithmenos
Elyvilon
Fedhas
Gozag
Hepliaklqana
Kikubaaqudgha
Makhleb
Nemelex Xobeh
Okawaru
Qazlal
Ru
Sif Muna
Trog
Uskayaw
Vehumet
Wu Jian
Xom
Yredelemnul
Zin
The Shining One

Shops:
D:1 [   D:2 *


Innate Abilities, Weirdness & Mutations

Your serpentine skin is tough. (AC +2)
You have supernaturally acute eyesight. (SInv)
Armour fits poorly on your strangely shaped body.
Your system is resistant to poisons. (rPois)
You cover ground very slowly.
You can spit poison.
You have a snake-like lower body.


Message History

You hear the crackle of electricity.
w - a +0 rapier of electrocution (weapon)
Your +0 rapier of electrocution stops crackling.
You hear the crackle of electricity.
W - a +2 dagger of electrocution (weapon)
The two-headed ogre is engulfed in noxious fumes.
You hit the two-headed ogre but do no damage.
Lightning courses through the two-headed ogre!
The two-headed ogre is severely wounded.
You have got your breath back.
The two-headed ogre says, "I'm a little confused."
You hit the two-headed ogre.
The two-headed ogre is severely wounded.
The two-headed ogre hits you with a +0 giant club!
The two-headed ogre hits you with a +0 giant club!!
The howler monkey is engulfed in noxious fumes.
The howler monkey appears confused.
Something hits the two-headed ogre but does no damage.
Press: ? - help, Shift-Dir - straight line, f/p - two-headed ogre
Aim: a two-headed ogre, wielding two +0 giant clubs (severely wounded, confused)
The splash of poison hits the two-headed ogre.
The two-headed ogre is severely wounded.
The two-headed ogre closely misses you.
The two-headed ogre hits you with a +0 giant club!
* * * LOW HITPOINT WARNING * * *
The two-headed ogre seems less confused.
The howler monkey hits the plant.
The plant begins to die.
Unknown command.
Casting: Mephitic Cloud (dangerous; 13% risk of failure)
Confirm with . or Enter, or press ? or * to list all spells.
You blink.
Unknown command.
You aren't carrying any items that you can evoke without wielding.
Unknown command.
Okay, then.
Unknown command.
You feel yourself speed up.
The two-headed ogre hits you with a +0 giant club!!
You die...
Kikubaaqudgha rasps: "You have failed me!
Welcome... death!"

#########
##.......#
##.....##@#
#..##.###O#
#.P#...#P.#
#..h.>....#
#.P#...#P##
....###.####
..## #P.P# .
##.## #.#


You could see a two-headed ogre.

Vanquished Creatures
  Eustachio (D:4)
  Duvessa (D:4)
  A centaur (D:5)
  A necrophage (D:5)
  Dowan (D:4)
  Robin (D:2)
  7 gnolls (D:4)
  A howler monkey skeleton (D:4)
  5 adders
  A worm (D:4)
  2 dart slugs (D:2)
  10 orcs
  6 bats
  7 endoplasms
  A giant cockroach (D:2)
  14 goblins
  6 hobgoblins
  3 jackals (D:2)
  6 quokkas
  9 ball pythons
  5 frilled lizards
  5 kobolds
  A quokka skeleton (D:4)
  3 rats
98 creatures vanquished.

Vanquished Creatures (others)
  2 plants (D:5)
2 creatures vanquished.

Grand Total: 100 creatures vanquished

Notes
Turn   | Place    | Note
-------+----------+-------------------------------------------
     0 | D:1      | GameOver the Naga Hedge Wizard began the quest for the Orb.
     0 | D:1      | Reached XP level 1. HP: 15/15 MP: 4/4
   190 | D:1      | Reached skill level 2 in Conjurations
   190 | D:1      | Reached XP level 2. HP: 19/22 MP: 3/6
   268 | D:1      | Found Ocliafoi's Antique Armour Shop.
   719 | D:2      | Reached XP level 3. HP: 28/28 MP: 4/7
   722 | D:2      | Learned a level 2 spell: Blink
   726 | D:2      | Learned a level 3 spell: Mephitic Cloud
   796 | D:2      | Found Qexamp's General Store.
   850 | D:2      | Reached skill level 3 in Conjurations
   890 | D:2      | Noticed Robin
   900 | D:2      | Killed Robin
  1022 | D:2      | Reached XP level 4. HP: 36/36 MP: 5/8
  1148 | D:2      | Reached skill level 4 in Conjurations
  2215 | D:3      | Reached XP level 5. HP: 42/42 MP: 9/9
  2586 | D:4      | Noticed Eustachio
  2597 | D:4      | Killed Eustachio
  2598 | D:4      | Reached skill level 6 in Conjurations
  2598 | D:4      | Reached XP level 6. HP: 26/49 MP: 7/10
  2670 | D:4      | Reached skill level 1 in Poison Magic
  2736 | D:4      | Noticed Dowan
  2769 | D:4      | Noticed Duvessa
  2781 | D:4      | Killed Dowan
  2790 | D:4      | Killed Duvessa
  2791 | D:4      | Reached skill level 1 in Short Blades
  3020 | D:4      | Reached XP level 7. HP: 45/55 MP: 2/11
  3313 | D:4      | Identified the +1 leather armour of the Lotus Blossom {Harm
                  | Regen+ Int-3}
  3513 | D:2      | Bought a scroll of identify for 20 gold pieces
  3558 | D:5      | Entered Level 5 of the Dungeon
  3631 | D:5      | Learned a level 3 spell: Conjure Flame
  3747 | D:5      | Reached skill level 5 in Stealth
  3779 | D:5      | Found a staircase to the Ecumenical Temple.
  3788 | Temple   | Entered the Ecumenical Temple
  3796 | Temple   | Became a worshipper of Kikubaaqudgha
  4062 | D:5      | Noticed a two-headed ogre
  4094 | D:5      | Mangled by a two-headed ogre

Illustrated notes

Levels and vault maps discovered:
D:1:      tarquinn_simple_flora_water_c, layout_basic, serial_shops,
          nicolae_lakefront_shop
D:2:      layout_basic, serial_shops, nicolae_shop_trees, uniq_robin
D:3:      layout_basic
D:4:      layout_basic, uniq_eustachio, uniq_duvessa
D:5:      layout_layer_cave, cheibriados_altar_1,
          minmay_temple_entry_gardened_gates, cheibrodos_gnoll_hut, uniq_ijyb
Temple:   nicolae_temple_the_god_donut

Skill      XL: |  1  2  3  4  5  6  7 |
---------------+----------------------+-----
Conjurations   | 2 3 4 6 |  6.0
Poison Magic   | 3 4 |  4.5
Short Blades   | 1 2 |  2.3
Stealth        | 4 5 |  5.0
Dodging        | |  1.5
Spellcasting   | |  3.0
Summonings     | |  1.0
Translocations | |  1.0

Action                   |  1- 3 |  4- 6 |  7- 9 || total
-------------------------+-------+-------+-------++-------
Melee: Dagger            |     6 |    35 |    36 ||    77
       Short sword       |     4 |       |       ||     4
 Cast: Magic Dart        |    46 |    51 |    10 ||   107
       Mephitic Cloud    |       |     6 |     6 ||    12
       Blink             |       |       |     3 ||     3
 Abil: Spit Poison       |    40 |    43 |    12 ||    95
  Use: Scroll            |       |       |     4 ||     4
       Potion            |       |       |     1 ||     1
 Stab: Confused          |       |     1 |       ||     1
Armor: Robe              |     8 |     6 |     7 ||    21
Dodge: Dodged            |     7 |    18 |    21 ||    46
